 Dungeon Crawl Stone Soup version 0.26-a0-612-gd4d190f45e (webtiles) character file.

Game seed: 10592628156163462149

380 MrRokkomies the Digger (level 6, -5/36 HPs)
             Began as an Octopode Earth Elementalist on Sept 8, 2020.
             Slain by a gnoll
             ... wielding a +0 spear
              (7 damage)
             ... on level 3 of the Dungeon.
             The game lasted 00:06:33 (3446 turns).

MrRokkomies the Digger (OpEE)                       Turns: 3446, Time: 00:06:35

Health: -5/36      AC:  1    Str:  5 (7)  XL:     6   Next: 75%
Magic:  8/10       EV: 15    Int: 17 (20) God:
Gold:   139        SH:  0    Dex: 12      Spells: 1/11 levels left

rFire    . . .     SeeInvis .   a - +0 dagger
rCold    . . .     Faith    .   (no shield)
rNeg     . . .     Spirit   .   (helmet restricted)
rPois    .         Reflect  .   (no amulet)
rElec    .         Harm     .   (no ring)
rCorr    .                      (no ring)
MR       .....                  (no ring)
Stlth    ++++......             (no ring)
HPRegen  0.12/turn              (no ring)
MPRegen  0.12/turn              (no ring)
                                (no ring)
                                (no ring)

@: lethally poisoned (-5 -> -6)
A: almost no armour, stealthy swim, amphibious, 8 rings, constrict 8, camouflage
1, gelatinous body 1
a: no special abilities


You were on level 3 of the Dungeon.
You visited 1 branch of the dungeon, and saw 5 of its levels.

You collected 139 gold pieces.

Inventory:

Hand Weapons
 a - a +0 dagger (weapon)
Missiles
 b - 80 stones (quivered)
Jewellery
 d - an uncursed ring of ice
Scrolls
 f - a scroll of remove curse
 h - 3 scrolls of identify
 i - 2 scrolls of blinking {unknown}
 k - a scroll of noise {unknown}
Potions
 c - a potion of ambrosia {unknown}
 e - 6 potions of haste
 g - 2 potions of stabbing {unknown}
 j - 2 potions of curing


   Skills:
 * Level 4.2 Dodging
 + Level 4.6 Stealth
 - Level 3.0 Spellcasting
 + Level 1.1 Transmutations
 * Level 4.9 Earth Magic


You had one spell level left.
You knew the following spells:

 Your Spells              Type           Power        Failure   Level
a - Sandblast             Erth           ###...       2%          1
b - Passwall              Tmut/Erth      ##......     8%          2
c - Stone Arrow           Conj/Erth      ##....       19%         3
d - Petrify               Tmut/Erth      ##......     45%         4

Your spell library contained the following spells:

 Spells                   Type           Power        Failure   Level
 Lee's Rapid Deconstruct  Erth           ###.......   54%         5


Dungeon Overview and Level Annotations

Branches:
Dungeon (5/15)
 Temple: D:4-7

Altars:
Hepliaklqana
Okawaru
Vehumet

Annotations:
D:2 Terence


Innate Abilities, Weirdness & Mutations

You cannot wear most types of armour.
You are very stealthy in the water. (Stealth+)
You are amphibious.
You can wear up to eight rings at the same time.
You can use your tentacles to constrict eight enemies at once.
Your skin changes colour to match your surroundings (Stealth+).
Your rubbery body absorbs attacks. (AC +1, EV +1)


Message History

Confirm with . or Enter, or press ? or * to list all spells.
Aiming: Sandblast (safe; 2% risk of failure)
Press: ? - help, Shift-Dir - straight line, f - gnoll
Aim: a gnoll, wielding a +0 spear The blast of sand hits the gnoll!
The gnoll is almost dead.
b - 81 stones The gnoll hits you from afar with a +0 spear!
* * * LOW HITPOINT WARNING * * *
Unknown command.
Casting: Sandblast (safe; 2% risk of failure)
Confirm with . or Enter, or press ? or * to list all spells.
Aiming: Sandblast (safe; 2% risk of failure)
Press: ? - help, Shift-Dir - straight line, f/p - gnoll
Aim: a gnoll, wielding a +0 spear (almost dead)
The blast of sand hits the gnoll.
The gnoll is almost dead.
b - 80 stones The gnoll hits you from afar with a +0 spear!
You die...

##########....
#....# #....
#....# #....
##....#####....
#.......†......
#†.......†.....
####.####.........
#....# #.......##
#@#### #.......#
#.# #.......# #g#
#.......# #.#
#.......# #.#####
#.......#
#.#...###########
#.#....##
#.#.....#
#.....#.##########


You could see a gnoll.

Vanquished Creatures
  A water moccasin (D:5)
  Purgy (D:3)
  A scorpion (D:4)
  7 adders
  A worm (D:3)
  2 dart slugs
  A leopard gecko (D:5)
  3 orcs (D:3)
  6 bats
  7 giant cockroaches
  6 goblins
  8 hobgoblins
  6 kobolds
  A quokka (D:2)
  4 frilled lizards
  8 rats
63 creatures vanquished.

Notes
Turn   | Place    | Note
-------+----------+-------------------------------------------
     0 | D:1      | MrRokkomies the Octopode Earth Elementalist began the quest
                  | for the Orb.
     0 | D:1      | Reached XP level 1. HP: 11/11 MP: 3/3
   247 | D:1      | Reached XP level 2. HP: 14/17 MP: 5/5
   994 | D:2      | Reached XP level 3. HP: 18/21 MP: 3/6
  1276 | D:2      | Found an iron altar of Okawaru.
  1440 | D:2      | Reached XP level 4. HP: 13/27 MP: 5/7
  1947 | D:2      | Found a radiant altar of Vehumet.
  1953 | D:2      | Found a hazy altar of Hepliaklqana.
  2119 | D:3      | You fall into a shaft and drop 2 floors!
  2119 | D:5      | Entered Level 5 of the Dungeon
  2163 | D:5      | Noticed a water moccasin
  2172 | D:5      | Killed a water moccasin
  2172 | D:5      | Reached XP level 5. HP: 11/31 MP: 0/9
  2298 | D:4      | Reached XP level 6. HP: 29/36 MP: 0/10
  2885 | D:3      | Noticed Terence
  3092 | D:3      | Noticed Purgy
  3124 | D:3      | Killed Purgy
  3185 | D:3      | Learned a level 2 spell: Passwall
  3189 | D:3      | Learned a level 3 spell: Stone Arrow
  3194 | D:3      | Learned a level 4 spell: Petrify
  3446 | D:3      | Slain by a gnoll

Illustrated notes

Levels and vault maps discovered:
D:1:      grunt_arrival_lava_bath, layout_basic
D:2:      layout_basic, amethyst_overflow_temple_binary,
          okawaru_ov_weapons_minmay
D:3:      minmay_door_path, layout_basic, minmay_crystal_room, uniq_purgy,
          uniq_terence
D:4:      layout_rooms, ebering_ghost_rock_garden, minmay_crystal_water,
          grunt_tough_drop, uniq_edmund, uniq_natasha
D:5:      layout_cave_pools, chequers_temple_overflow_statue_of_worship,
          nicolae_ossuary_entry_false_entrances, fedhas_altar_4

Skill      XL: |  1  2  3  4  5  6 |
---------------+-------------------+-----
Stealth        | 3 4 |  4.6
Dodging        | 3 4 |  4.2
Earth Magic    | 4 |  4.9
Spellcasting   | 3 |  3.0
Transmutations | |  1.1

Action                   |  1- 3 |  4- 6 || total
-------------------------+-------+-------++-------
Melee: Dagger            |    43 |    69 ||   112
       Constrict         |    11 |    15 ||    26
       Tentacles         |     5 |     8 ||    13
 Cast: Sandblast         |    12 |    59 ||    71
  Use: Scroll            |     3 |     2 ||     5
       Potion            |       |     2 ||     2
 Stab: Sleeping          |     8 |     9 ||    17
       Distracted        |       |     1 ||     1
Armor: Skin              |     4 |    17 ||    21
Dodge: Dodged            |    22 |    93 ||   115

Table legend: (Time is in decaauts)
 A = Elapsed time spent in this place.
 B = Non-inter-level travel time spent in this place.
 C = Inter-level travel time spent in this place.
 D = Time resting spent in this place.
 E = Time spent auto-exploring this place.
 F = Levels seen in this place.
 G = Mean time per level.
                   A        B        C        D        E       F      G
               +--------+--------+--------+--------+--------+-----+--------+
         Total |   3446 |   3327 |    119 |    260 |   2373 |   5 |  689.2 |
       Dungeon |   3446 |   3327 |    119 |    260 |   2373 |   5 |  689.2 |
               +--------+--------+--------+--------+--------+-----+--------+

Top non-repeatable levels by time:
     D:2: 1176 daAuts
     D:3: 1004 daAuts
     D:1: 980 daAuts
     D:5: 152 daAuts
     D:4: 131 daAuts
